 Dungeon Crawl Stone Soup version 0.20-a0-454-g2b43fbb (webtiles) character file.

109 HarleyQuinn the Cudgeler (level 4, -2/26 HPs)
             Began as a Gargoyle Gladiator on Jan 8, 2017.
             Slain by a gnoll
             ... wielding a +0 club
              (4 damage)
             ... on level 2 of the Dungeon.
             The game lasted 00:01:37 (1847 turns).

HarleyQuinn the Cudgeler (Gargoyle Gladiator)       Turns: 1847, Time: 00:01:37

Health: -2/26      AC:  7    Str: 19    XL:     4   Next: 89%
Magic:  4/4        EV: 12    Int: 11    God:
Gold:   100        SH:  0    Dex: 11    Spells: 3/3 levels left

rFire  . . .     SeeInvis .     a - +0 flail
rCold  + . .     Gourm    .     b - +0 leather armour
rNeg   + . .     Faith    .     (no shield)
rPois  ∞         Spirit   .     c - +0 helmet
rElec  +         Reflect  .     (no cloak)
rCorr  .         Harm     .     (no gloves)
MR     .....                    (no boots)
Stlth  +.........               (no amulet)
                                l - +3 ring of intelligence
                                k - ring of protection from cold

@: no status effects
A: negative energy resistance 1, electricity resistance, unbreathing,
petrification resistance, rot immunity, AC +3
a: no special abilities


You were on level 2 of the Dungeon.
You were not hungry.

You visited 1 branch of the dungeon, and saw 2 of its levels.

You collected 100 gold pieces.

Inventory:

Hand Weapons
 a - a +0 flail (weapon)
Missiles
 d - 3 throwing nets (quivered)
Armour
 b - a +0 leather armour (worn)
 c - a +0 helmet (worn)
Jewellery
 k - a ring of protection from cold (left hand)
 l - a +3 ring of intelligence (right hand)
Scrolls
 e - a scroll of immolation {unknown}
 g - a scroll of identify {unknown}
 i - 3 scrolls of teleportation {unknown}
 m - 2 scrolls of enchant weapon {unknown}
 o - a scroll of amnesia {unknown}
Comestibles
 f - 3 bread rations
 h - a meat ration
 n - 18 chunks of flesh
 q - a slice of pizza


   Skills:
 - Level 2.1 Fighting
 + Level 5.4 Maces & Flails
 - Level 1.7 Throwing
 - Level 2.4 Dodging


You had 3 spell levels left.
You didn't know any spells.

Dungeon Overview and Level Annotations

Branches:
Dungeon (2/15)

Altars:


Innate Abilities, Weirdness & Mutations

You are resistant to torment.
Your stone body is resilient. (AC +3)
You are immune to poison.
You resist negative energy. (rN+)
You are resistant to electric shocks. (rElec)
You can survive without breathing.
You are immune to petrification.
You are immune to rotting.


Message History

The gnoll is severely wounded.
The gnoll hits you from afar with a halberd.
The gnoll barely misses you. The gnoll hits you but does no damage.
You hit the gnoll.
The gnoll is almost dead.
The gnoll hits you from afar with a halberd!
The gnoll hits you but does no damage. The gnoll misses you.
You hit the gnoll.
You kill the gnoll!
The gnoll barely misses you. The gnoll closely misses you.
The gnoll hits you with a halberd.
* * * LOW HITPOINT WARNING * * *
The gnoll completely misses you.
You see here a gnoll corpse.
You sock the gnoll!
The gnoll is almost dead.
The gnoll hits you with a halberd.
* * * LOW HITPOINT WARNING * * *
The gnoll hits you with a club.
You die...

.#####. . ....... ..
....... ........# .....
........' .... ##......#
...###
........#########'#....#
........'.@gg...>...#
........#g##........#
#.....#+##........+
...##)............# #.
#................ #
#.........#.......
..#.........#####....
....###.......... ....
....#. +..........#


You could see 3 gnolls.

Vanquished Creatures
  A gnoll (D:2)
  3 adders (D:2)
  3 dart slugs
  2 leopard geckos
  4 giant cockroaches
  6 goblins
  8 hobgoblins
  2 jackals (D:2)
  5 kobolds
  A quokka (D:2)
  2 bats
  2 frilled lizards (D:1)
  33 rats
72 creatures vanquished.

Notes
Turn   | Place    | Note
-------+----------+-------------------------------------------
     0 | D:1      | HarleyQuinn the Gargoyle Gladiator began the quest for the Orb.
     0 | D:1      | Reached XP level 1. HP: 12/12 MP: 1/1
   270 | D:1      | Reached XP level 2. HP: 17/17 MP: 2/2
  1001 | D:1      | Reached skill level 4 in Maces & Flails
  1226 | D:2      | Reached XP level 3. HP: 16/21 MP: 3/3
  1555 | D:2      | Reached XP level 4. HP: 23/26 MP: 4/4
  1633 | D:2      | Reached skill level 5 in Maces & Flails
  1847 | D:2      | Slain by a gnoll

Vault maps used:
D:1:      dpeg_arrival_lava_altar, minmay_tripent
D:2:      minmay_rats_cheesy_pizza

Skill      XL: |  1  2  3  4 |
---------------+-------------+-----
Maces & Flails | 4 5 |  5.4
Fighting       | |  2.1
Throwing       | |  1.7
Dodging        | |  2.4

Action                   |  1- 3 |  4- 6 || total
-------------------------+-------+-------++-------
Melee: Flail             |   101 |   102 ||   203
  Use: Potion            |       |     2 ||     2
  Eat: Chunk             |     2 |     1 ||     3
Armor: Leather armour    |    31 |    45 ||    76
Dodge: Dodged            |    89 |    71 ||   160
